[Event "*** Titled Tuesday Blitz"]
[Site "Chess.com"]
[Date "2021.03.16"]
[Round "9"]
[White "NateSolon"]
[Black "QuintilianoR"]
[Result "0-1"]
[WhiteElo "2558"]
[BlackElo "2724"]
[TimeControl "180+1"]
[EndTime "11:43:20 PDT"]
[Termination "QuintilianoR won by resignation"]

1. d4 Nf6 2. c4 e6 3. g3 d5 4. Bg2 Be7 5. Nf3 O-O 6. O-O dxc4 7. Qc2 b6 8. Bg5 Nd5 9. Bxe7 Qxe7 10. Nbd2 Ba6 11.
Nxc4 c5 12. Nce5 Rc8 13. Qe4 Nd7 14. Nxd7 Qxd7 15. Rfd1 Qe7 16. Rac1 Bb7 17. Ne5 h6 18. h4 Rab8 19. dxc5 Rxc5 20. Rxc5 bxc5 21. Qc4 Nb6 22. Qc2 Bxg2 23. Kxg2 Qb7+ 24. f3 Nd5 25.
Kf2 Qxb2 0-1

[Event "*** Titled Tuesday Blitz"]
[Site "Chess.com"]
[Date "2021.03.16"]
[Round "9"]
[White "tptagain"]
[Black "slavenok"]
[Result "1/2-1/2"]
[WhiteElo "2866"]
[BlackElo "2747"]
[TimeControl "180+1"]
[EndTime "11:43:25 PDT"]
[Termination "Game drawn by agreement"]

1. e4 c5 2. Nc3 e6 3. Nf3 a6 4. g3 d5 5. exd5 exd5 6. d4 cxd4 7. Nxd4 Nf6 8. Bg2 Nc6 9. O-O Be7 10. Re1 O-O 11. h3 h6 12. Be3 Be6 13. Nxe6 fxe6 14. Ne2 Qd7 15. Nf4 Bd6 16. Ng6 Rfe8 17. Qd3 Qf7 18. Nf4 Nb4 19. Qd1 Rac8 20. c3 Nc6 21. Nd3 e5 22. Qd2 e4 23. Nf4 Ne5 24. Rad1 Nc4 25.
Qe2 Nxe3 26. Qxe3 Bc5 27. Qd2 Rcd8 28. Qc2 Qc7 29. Ne2 Qb6 30. Nd4 Rf8 31. b4 Bxd4 32. Rxd4 Rc8 33. Qd2 Qc7 34. Rc1 Qe5 35. c4 Rfd8 36.
Rd1 Rd6 37. cxd5 Rcd8 38. Qe2 Rxd5 39. Qc4 b5 40. Qb3 Kh8 41. Rxd5 Rxd5 42. Rxd5 Nxd5 43. a3 e3 44. fxe3 Nxe3 45. Kf2 1/2-1/2

[Event "*** Titled Tuesday Blitz"]
[Site "Chess.com"]
[Date "2021.03.16"]
[Round "9"]
[White "AttilaTurzo"]
[Black "ErikRonka"]
[Result "1-0"]
[WhiteElo "2539"]
[BlackElo "2423"]
[TimeControl "180+1"]
[EndTime "11:43:25 PDT"]
[Termination "AttilaTurzo won by resignation"]

1. d4 d5 2. Bf4 c5 3. e3 cxd4 4. exd4 Nc6 5. c3 f6 6. Nf3 g5 7.
Be3 Bf5 8. Bd3 Qd7 9. O-O O-O-O 10. c4 Bxd3 11. Qxd3 g4 12. Nfd2 e5 13. cxd5 Qxd5 14. Nc3 Qd7 15. d5 Nb4 16. Qc4+ Kb8 17. Rfd1 Rc8 18.
Qb3 Bd6 19. Nc4 Rxc4 20. Qxc4 Ne7 21. Nb5 Rc8 22. Bxa7+ Ka8 23. Qf1 Bc5 24. Bxc5 Rxc5 25. Nc3 Nf5 26. Rac1 Nd4 27. a3 Nbc2 28. Qd3 f5 29. Rxc2 Nxc2 30. Qxc2 e4 31. Qa4+ Qxa4 32. Nxa4 Rc2 33. d6 1-0

[Event "*** Titled Tuesday Blitz"]
[Site "Chess.com"]
[Date "2021.03.16"]
[Round "9"]
[White "aljado"]
[Black "Hangar-18"]
[Result "1-0"]
[WhiteElo "2159"]
[BlackElo "2316"]
[TimeControl "180+1"]
[EndTime "11:43:37 PDT"]
[Termination "aljado won by checkmate"]

1. e4 c6 2. d4 d5 3. exd5 cxd5 4. c4 Nf6 5. Nc3 Be6 6. Nf3 dxc4 7. Ne5 Nc6 8. Qa4 Bd7 9. Nxd7 Qxd7 10. Be3 e6 11.
Bxc4 Be7 12. O-O O-O 13. Rfd1 Nb4 14. Qxd7 Nxd7 15. d5 Nb6 16. Bxb6 axb6 17. dxe6 fxe6 18. Bxe6+ Kh8 19. a3 Nc6 20. Rd7 Bc5 21. Ne4 Bd4 22. Rd1 Bxb2 23. Rxb7 Rab8 24. Rc7 Nd4 25. Ba2 Rbd8 26.
Kf1 Bxa3 27. Ng5 Ne6 28. Nf7+ Rxf7 29. Rxd8+ Nxd8 30. Bxf7 Nxf7 31. Rc8+ Bf8 32. Rxf8# 1-0

[Event "*** Titled Tuesday Blitz"]
[Site "Chess.com"]
[Date "2021.03.16"]
[Round "9"]
[White "jacky72"]
[Black "AlhosaniOmran1"]
[Result "0-1"]
[WhiteElo "2680"]
[BlackElo "2516"]
[TimeControl "180+1"]
[EndTime "11:43:41 PDT"]
[Termination "AlhosaniOmran1 won by checkmate"]

1. Nc3 d5 2. Nf3 Bf5 3. d4 e6 4. Bf4 Nf6 5. e3 Be7 6. Bd3 Bg6 7. O-O Nbd7 8. Qe2 Nh5 9. Ne5 Nxf4 10. exf4 Nxe5 11.
fxe5 Bxd3 12. Qxd3 O-O 13. Ne2 c5 14. c3 Qb6 15.
Rab1 Rac8 16. f4 f6 17. Kh1 fxe5 18. dxe5 g6 19. c4 Rcd8 20. cxd5 Rxd5 21. Qh3 Rd2 22. Ng3 Qc6 23. Rbe1 Rxb2 24. Ne4 c4 25. Nd6 Bxd6 26.
exd6 Qxd6 27. Rxe6 Qxf4 28. Rg1 Rb1 29. g3 Rxg1+ 30.
Kxg1 Qf2+ 31. Kh1 Qf3+ 32. Qg2 Qd1+ 33. Qg1 Rf1 34. Kg2 Rxg1+ 35. Kh3 Qh5# 0-1

[Event "*** Titled Tuesday Blitz"]
[Site "Chess.com"]
[Date "2021.03.16"]
[Round "9"]
[White "NiranjanNavalgund"]
[Black "mbojan"]
[Result "0-1"]
[WhiteElo "2530"]
[BlackElo "2652"]
[TimeControl "180+1"]
[EndTime "11:43:43 PDT"]
[Termination "mbojan won by resignation"]

1. d4 g6 2. e4 Bg7 3. Nc3 d6 4. Nf3 a6 5. a4 b6 6. h4 h6 7. Bc4 e6 8. Qe2 Nd7 9. Bf4 Bb7 10. d5 e5 11. Be3 Ngf6 12. Ba2 Nh5 13. g3 O-O 14.
Qd2 Kh7 15. g4 Nf4 16. Bxf4 exf4 17. Qxf4 Ne5 18. h5 Bc8 19. g5 Nxf3+ 20. Qxf3 Qxg5 21. Qe3 Qxe3+ 22. fxe3 Bg4 23. hxg6+ fxg6 24. Rg1 h5 25. Rg2 Bxc3+ 26. bxc3 Bf3 27. Rf2 Bxe4 28. Rd1 Rxf2 29. Kxf2 Rf8+ 30. Kg1 Bxc2 31. Rd4 a5 32. Rc4 Rf7 33.
e4 Re7 34. e5 dxe5 35. Rc6 Bxa4 36. Rf6 Kg7 37. Rf2 e4 38. c4 e3 39. Re2 Bd1 40.
Re1 Bg4 41. Bb3 e2 42. Kf2 Rf7+ 43. Ke3 Rf1 44. Kd2 Rxe1 45. Kxe1 Kf6 0-1

[Event "*** Titled Tuesday Blitz"]
[Site "Chess.com"]
[Date "2021.03.16"]
[Round "9"]
[White "bakki78"]
[Black "Volodar_Murzin"]
[Result "1-0"]
[WhiteElo "2791"]
[BlackElo "2684"]
[TimeControl "180+1"]
[EndTime "11:43:45 PDT"]
[Termination "bakki78 won on time"]

1. e4 c5 2. Nf3 d6 3. d4 cxd4 4. Nxd4 Nf6 5. Nc3 a6 6. h3 b5 7. g3 Bb7 8. Bg2 Nc6 9. Nxc6 Bxc6 10. Nd5 Nd7 11. O-O e6 12. Nb4 Bb7 13. c3 Be7 14. a4 O-O 15. Bf4 Ne5 16. axb5 axb5 17. Qe2 Qe8 18. Rfd1 Nc4 19. b3 Ne5 20. Be3 Rb8 21. Ra7 Nc6 22. Nxc6 Qxc6 23. c4 bxc4 24. Qxc4 Qxc4 25. bxc4 Bf6 26. Rxd6 Ba8 27. Rb6 Rbc8 28. c5 Rfd8 29. Kh2 e5 30. h4 h6 31. Bh3 Rb8 32. f3 Kf8 33. Rxb8 Rxb8 34. Bd7 1-0

[Event "*** Titled Tuesday Blitz"]
[Site "Chess.com"]
[Date "2021.03.16"]
[Round "9"]
[White "pavelalexandru07"]
[Black "Lady_Nika"]
[Result "1-0"]
[WhiteElo "2299"]
[BlackElo "2383"]
[TimeControl "180+1"]
[EndTime "11:43:45 PDT"]
[Termination "pavelalexandru07 won by checkmate"]

1. e4 e6 2. d4 d5 3. Nc3 Nf6 4. Bg5 Be7 5. e5 Nfd7 6. h4 h6 7. Be3 a6 8. Qg4 Bf8 9. f4 c5 10. Nf3 Nc6 11. O-O-O b5 12. dxc5 Qa5 13. Kb1 Ne7 14. Bd3 h5 15. Qg3 b4 16. Ne2 Nxc5 17.
Ned4 Bd7 18. Qf2 O-O-O 19. Ng5 Be8 20. f5 Nxd3 21. cxd3 exf5 22. Nxf5 Nc6 23. Rc1 Kb7 24.
e6 f6 25. Nf7 Bxf7 26. exf7 g6 27. Nd4 Nxd4 28. Bxd4 Bh6 29. Rc5 Qa4 30. Bxf6 Rc8 31. Bxh8 Rxh8 32. Qf6 Qd7 33. Qxh8 Qf5 34. Qd4 Qxf7 35.
Qxd5+ Qxd5 36. Rxd5 Kc6 37. Re5 Kd6 38. Ra5 Ke6 39.
Rxa6+ Kf5 40. Rf1+ Kg4 41. Rxg6+ Kxh4 42. Rxh6 b3 43. Rxh5+ Kg3 44. Rh3+ Kxg2 45. Rhf3 bxa2+ 46. Kxa2 Kh2 47. b3 Kg2 48. b4 Kh2 49. b5 Kg2 50. Kb2 Kh2 51. b6 Kg2 52. b7 Kh2 53. b8=Q+ Kg2 54. Qg3# 1-0

[Event "*** Titled Tuesday Blitz"]
[Site "Chess.com"]
[Date "2021.03.16"]
[Round "9"]
[White "Rodalquilar"]
[Black "Sychev_Klementy"]
[Result "0-1"]
[WhiteElo "2683"]
[BlackElo "2874"]
[TimeControl "180+1"]
[EndTime "11:43:46 PDT"]
[Termination "Sychev_Klementy won on time"]

1. d4 Nf6 2. Bf4 g6 3. e3 Bg7 4. Nf3 O-O 5. Be2 d6 6. O-O Nc6 7. c3 Qe8 8. h3 e5 9. Bh2 Ne4 10. Nbd2 Nxd2 11. Nxd2 f5 12. dxe5 Nxe5 13. Nc4 Nc6 14.
a4 Be6 15. a5 a6 16. Qa4 g5 17. Nd2 Kh8 18. Bc4 Bd7 19. Qb3 Rb8 20. Bd5 g4 21.
hxg4 fxg4 22. Bg3 Qh5 23. Be6 Bxe6 24. Qxe6 Rbe8 25. Qb3 Rf6 26. Bf4 Bh6 27. Rfe1 Bxf4 28. exf4 Ref8 29. g3 Rh6 30. Kf1 Qh1+ 31. Ke2 Re8+ 32.
Kd3 Rxe1 33. Qf7 Ne7 34. f5 Rxa1 35. Ne4 Qf3+ 0-1

[Event "*** Titled Tuesday Blitz"]
[Site "Chess.com"]
[Date "2021.03.16"]
[Round "9"]
[White "nrvisakh"]
[Black "atwalcb"]
[Result "0-1"]
[WhiteElo "2769"]
[BlackElo "2563"]
[TimeControl "180+1"]
[EndTime "11:43:49 PDT"]
[Termination "atwalcb won by resignation"]

1. e4 d6 2. d4 Nf6 3. Nc3 Nbd7 4. g3 e5 5. Nge2 Be7 6. Bg2 O-O 7. O-O c6 8. h3 b5 9. a3 Qc7 10. f4 a5 11. g4 Nb6 12. fxe5 dxe5 13. dxe5 Qxe5 14. Bf4 Bc5+ 15. Kh1 Qe6 16. Bg3 Nc4 17. Nf4 Qe8 18.
e5 Ne3 19. Qf3 Nxf1 20. Rxf1 Nd7 21. Qxc6 Rb8 22. e6 fxe6 23. Rd1 e5 24. Ne6 Bb7 25. Qxd7 Rf1+ 26. Kh2 Bg1+ 27. Kh1 Bd4+ 28. Rxf1 Qxd7 29. Nxd4 Bxg2+ 30. Kxg2 Qxd4 31. Rd1 Qc5 32. Rd5 Qc6 33. Bxe5 Rd8 0-1

[Event "*** Titled Tuesday Blitz"]
[Site "Chess.com"]
[Date "2021.03.16"]
[Round "9"]
[White "SilviusTiberius"]
[Black "kreonx"]
[Result "1-0"]
[WhiteElo "2530"]
[BlackElo "2334"]
[TimeControl "180+1"]
[EndTime "11:43:49 PDT"]
[Termination "SilviusTiberius won by resignation"]

1. e4 c6 2. d4 d5 3. exd5 cxd5 4.
Bd3 Nf6 5. c3 g6 6. Nf3 Bg7 7. O-O O-O 8. h3 Nc6 9. Re1 Bf5 10.
Bxf5 gxf5 11. Ne5 e6 12. Nd2 Nxe5 13. dxe5 Ne4 14. Nb3 Qe7 15. Be3 b6 16. Bd4 Qc7 17.
Qh5 Bxe5 18. Bxe5 Qxe5 19. f3 Ng3 20. Qh4 Qg7 21. Kf2 f4 22. Qxf4 Nf5 23. g4 Ne7 24. Nd4 Ng6 25. Qg5 h6 26. Qe3 Qf6 27. Qxh6 Rac8 28.
Kg3 Rc4 29. Rad1 Rfc8 30. h4 Qg7 31. Qxg7+ Kxg7 32. f4 Ne7 33. f5 Nc6 34. fxe6 Nxd4 35. Rxd4 Rxd4 36. cxd4 Re8 37. e7 f6 38. Kf4 Kf7 39. Kf5 Rxe7 40. Rxe7+ Kxe7 41. h5 1-0

[Event "*** Titled Tuesday Blitz"]
[Site "Chess.com"]
[Date "2021.03.16"]
[Round "9"]
[White "Julianos82"]
[Black "campomania3"]
[Result "1-0"]
[WhiteElo "2393"]
[BlackElo "2189"]
[TimeControl "180+1"]
[EndTime "11:43:52 PDT"]
[Termination "Julianos82 won by resignation"]

1. d4 d5 2. Bf4 Nf6 3. e3 c5 4. c3 Qb6 5. Nd2 Bf5 6. Ngf3 e6 7. b3 Nc6 8. Ne5 cxd4 9. exd4 Rc8 10. Rc1 Ba3 11. Ndc4 dxc4 12. Nxc4 Qa6 13. Nd6+ Bxd6 14. Bxa6 Bxf4 15. Bxb7 Bxc1 16. Bxc8 Bh6 17. Bb7 Nd8 18. Bf3 O-O 19. O-O Nd5 20. c4 Nb4 21. a3 Nc2 22. h4 Nxa3 23. g4 Bc2 24. Qa1 Bxb3 25.
g5 Nxc4 26. gxh6 Nd2 27. Qc3 Nxf3+ 28. Qxf3 Bd5 29. Qg3 g6 30. Rc1 Nc6 31. Rxc6 Bxc6 32. Qe5 f6 33. Qxe6+ Kh8 34. Qxc6 1-0

[Event "*** Titled Tuesday Blitz"]
[Site "Chess.com"]
[Date "2021.03.16"]
[Round "9"]
[White "northridgehawk"]
[Black "TheCairnTerrier"]
[Result "1-0"]
[WhiteElo "2349"]
[BlackElo "2152"]
[TimeControl "180+1"]
[EndTime "11:43:57 PDT"]
[Termination "northridgehawk won on time"]

1. e4 c5 2. Nf3 e6 3. g3 d6 4. Bg2 Nf6 5. O-O Be7 6. d3 O-O 7. Nbd2 Nc6 8. c3 Ne5 9. Nxe5 dxe5 10. Nc4 Qc7 11. a4 b6 12. h4 Bb7 13. h5 h6 14. Bf3 Rfd8 15. Qe2 a6 16. Nxe5 b5 17. axb5 axb5 18. Bf4 Qb6 19. Qe3 b4 20. Nc4 Qb5 21. e5 Nd5 22. Bxd5 Bxd5 23. Nd6 Bxd6 24. exd6 Rxa1 25.
Rxa1 Bb7 26. f3 bxc3 27. bxc3 Qb2 28. Rc1 Ra8 29. Qf2 Qb6 30. Be3 Qc6 31. Kg2 c4 32.
dxc4 Qxc4 33. Rb1 Ra2 34. Rb2 Rxb2 35. Qxb2 Qc6 36. Qe2 Qxd6 37. Bf4 Qc6 38. Be5 f6 39. Bd4 Kf7 40. Kf2 e5 41. Be3 1-0

[Event "*** Titled Tuesday Blitz"]
[Site "Chess.com"]
[Date "2021.03.16"]
[Round "9"]
[White "Meri-Arabidze"]
[Black "zverr1"]
[Result "1/2-1/2"]
[WhiteElo "2653"]
[BlackElo "2492"]
[TimeControl "180+1"]
[EndTime "11:44:00 PDT"]
[Termination "Game drawn by repetition"]

1. d4 Nf6 2. c4 g6 3. Nc3 Bg7 4. g3 O-O 5. Bg2 d6 6. e4 Nc6 7. Nge2 e5 8. d5 Ne7 9. O-O Nd7 10. Be3 f5 11. f3 Kh8 12. Nc1 f4 13. Bf2 g5 14. Nd3 Nf6 15. Rc1 Ng6 16. c5 g4 17.
gxf4 exf4 18. cxd6 g3 19. hxg3 fxg3 20. Bxg3 Nh5 21. dxc7 Qg5 22. Bd6 Bd4+ 23. Nf2 Be5 24. Bxe5+ Nxe5 25. Ng4 Nxg4 26. fxg4 Bxg4 27. Qd4+ Kg8 28.
Rxf8+ Rxf8 29. Rf1 Nf4 30. Rxf4 Qxf4 31. d6 Qc1+ 32. Kh2 Qf4+ 33. Kg1 Qc1+ 34. Kh2 Qf4+ 35. Kg1 1/2-1/2

[Event "*** Titled Tuesday Blitz"]
[Site "Chess.com"]
[Date "2021.03.16"]
[Round "9"]
[White "Ural_bogatyr"]
[Black "c_r_e_e_p_e_r"]
[Result "0-1"]
[WhiteElo "2485"]
[BlackElo "2367"]
[TimeControl "180+1"]
[EndTime "11:44:00 PDT"]
[Termination "c_r_e_e_p_e_r won by checkmate"]

1. e4 c5 2. Nf3 e6 3. c3 Nf6 4. e5 Nd5 5. d4 cxd4 6. Qxd4 Nc6 7. Qe4 f5 8. Qe2 Rb8 9. g3 b5 10. Bg2 Be7 11. O-O O-O 12. Rd1 a5 13. Nd4 Nxd4 14.
Rxd4 Bc5 15. Rd1 Qb6 16. Nd2 Bb7 17. Nb3 Be7 18. Nd4 Nc7 19. Be3 Bxg2 20. Nxf5 Qb7 21. Nxe7+ Kh8 22. Rxd7 Bf3 23. Qd2 Rbe8 24. Bc5 Qb8 25.
Bd6 Rd8 26. Rxd8 Rxd8 27. Qe3 Ba8 28. Qc5 Qb7 29. Kf1 Na6 30. Qd4 Qh1+ 31. Ke2 Qxa1 32. Qh4 Qxb2+ 33. Kd3 Nc5+ 34. Kd4 Qxf2# 0-1

[Event "*** Titled Tuesday Blitz"]
[Site "Chess.com"]
[Date "2021.03.16"]
[Round "9"]
[White "Msb2"]
[Black "eljanov"]
[Result "1-0"]
[WhiteElo "2930"]
[BlackElo "2878"]
[TimeControl "180+1"]
[EndTime "11:44:06 PDT"]
[Termination "Msb2 won on time"]

1. d4 Nf6 2. Nf3 e6 3. e3 c5 4. Bd3 b6 5. O-O Bb7 6. c4 cxd4 7. exd4 Be7 8. Nc3 d5 9. cxd5 Nxd5 10. Ne5 O-O 11.
Qg4 Nf6 12. Qh3 Qxd4 13. Re1 Nbd7 14. Nxd7 Qxd7 15. Bg5 h6 16. Rad1 Qc7 17. Bxh6 gxh6 18. Qxh6 Rfd8 19. Re3 Bf8 20. Qxf6 Bg7 21. Qh4 Kf8 22.
Rg3 Qe5 23. Re3 Qf6 24. Qb4+ Qe7 25. Qg4 Rd4 26. Qe2 Rad8 27. Re1 Qh4 28. Be4 Rd2 29. Qf3 Bxe4 30. Nxe4 Rxb2 31. g3 1-0

[Event "*** Titled Tuesday Blitz"]
[Site "Chess.com"]
[Date "2021.03.16"]
[Round "9"]
[White "Niktlt"]
[Black "Fighter008"]
[Result "1-0"]
[WhiteElo "2528"]
[BlackElo "2628"]
[TimeControl "180+1"]
[EndTime "11:44:08 PDT"]
[Termination "Niktlt won by resignation"]

1. c4 g6 2. Nc3 Bg7 3. g3 d6 4. Bg2 Nc6 5. Nf3 e5 6. O-O f5 7. Rb1 Nf6 8. b4 O-O 9. d3 h6 10. b5 Ne7 11. a4 Be6 12. a5 Rb8 13.
Ne1 d5 14. Nf3 e4 15. Nd4 Bf7 16. c5 Nd7 17. dxe4 dxe4 18. Ba3 Ne5 19. Nb3 Nc4 20. Bb4 c6 21. Qc2 Qc8 22. Rfd1 a6 23. bxa6 bxa6 24. Nd4 Rd8 25. e3 Ne5 26. Bf1 g5 27. Ba3 Rxb1 28. Rxb1 Bg6 29. Qb3+ Kh7 30. Qb7 Qxb7 31. Rxb7 Bf6 32.
Bb4 Nf3+ 33. Nxf3 exf3 34. Bxa6 Rd2 35. Bf1 f4 36. Ne4 Bxe4 37. Bxd2 1-0

[Event "*** Titled Tuesday Blitz"]
[Site "Chess.com"]
[Date "2021.03.16"]
[Round "9"]
[White "Mikhail_Golubev"]
[Black "PavelShkapenko"]
[Result "0-1"]
[WhiteElo "2546"]
[BlackElo "2706"]
[TimeControl "180+1"]
[EndTime "11:44:09 PDT"]
[Termination "PavelShkapenko won by checkmate"]

1. e4 e5 2. Nf3 Nc6 3. Bb5 Bc5 4. c3 f5 5. d3 Nf6 6. exf5 O-O 7. O-O d6 8. d4 exd4 9. cxd4 Bb6 10. Qb3+ Kh8 11. Bxc6 bxc6 12. Ng5 Nd5 13. Qh3 Bxf5 14. g4 Bg6 15.
Ne6 Qf6 16. Nxf8 Rxf8 17. Nc3 Bxd4 18. Be3 Bxc3 19. bxc3 Nxc3 20. Rae1 Bd3 21. g5 Qg6 22. Bd2 Bxf1 23. Qxc3 Bd3 24. Re7 Be4 25. Rxc7 h5 26. Rxa7 Rf7 27. Rxf7 Qxf7 28. Be3 Qf3 29. Qd4 Qh1# 0-1

[Event "*** Titled Tuesday Blitz"]
[Site "Chess.com"]
[Date "2021.03.16"]
[Round "9"]
[White "Legendinunknown"]
[Black "Smile2005"]
[Result "0-1"]
[WhiteElo "2581"]
[BlackElo "2453"]
[TimeControl "180+1"]
[EndTime "11:44:10 PDT"]
[Termination "Smile2005 won by resignation"]

1. d4 Nf6 2. c4 g6 3. Nc3 Bg7 4.
e4 O-O 5. Nf3 d6 6. Be2 e5 7. d5 a5 8. Bg5 Na6 9. Nd2 h6 10. Be3 Nd7 11. g4 Ndc5 12. a3 Bd7 13. Qc2 a4 14. O-O-O Qe8 15. h4 Rb8 16. g5 h5 17. Kb1 b6 18. Ka2 Rb7 19. Nb5 Qe7 20.
f3 Ra8 21. Nc3 Rab8 22. Nb5 Ra8 23. Nb1 Nb3 24. N1c3 Nac5 25. Rhf1 Nd4 26. Nxd4 exd4 27. Bxd4 Bxd4 28. Rxd4 Qe5 29. Rdd1 Qf4 30. Qd2 Qxh4 31. f4 Re8 32. Qe3 Qh3 33. Rf3 Qg2 34. Rg1 Qh2 35. Rh3 Qxh3 36. Qd4 Qh2 37. f5 Qe5 38. Qd1 Nxe4 39. Nxe4 Qxe4 40. fxg6 fxg6 41. Bxh5 Qxc4+ 42. Ka1 Bf5 43. Qf3 Qe4 44. Qc3 Qe3 0-1

[Event "*** Titled Tuesday Blitz"]
[Site "Chess.com"]
[Date "2021.03.16"]
[Round "9"]
[White "Darius321"]
[Black "Das_Virus_2020"]
[Result "0-1"]
[WhiteElo "2291"]
[BlackElo "2476"]
[TimeControl "180+1"]
[EndTime "11:44:10 PDT"]
[Termination "Das_Virus_2020 won by checkmate"]

1. e4 e6 2. d4 d5 3. e5 c5 4. c3 Nc6 5. Nf3 Qb6 6. Na3 cxd4 7. cxd4 Bxa3 8. bxa3 Nge7 9. Bd3 Qa5+ 10. Kf1 Bd7 11. g3 Nf5 12. Bxf5 exf5 13. Kg2 O-O 14. Rb1 b6 15.
Qd3 Be6 16. Nh4 Qa4 17. Be3 Ne7 18. Rb4 Qd7 19. Rhb1 Rfc8 20. a4 Rc4 21. a5 Rxb4 22. Rxb4 bxa5 23. Rb5 h6 24. Nf3 Rc8 25. Rxa5 Rc4 26.
Qa3 Nc6 27. Rc5 g5 28. Nd2 Rxc5 29. Qxc5 f4 30. gxf4 Bh3+ 31. Kh1 Qg4 32. Qxd5 Qd1+ 33.
Nf1 Qxf1# 0-1

[Event "*** Titled Tuesday Blitz"]
[Site "Chess.com"]
[Date "2021.03.16"]
[Round "9"]
[White "Szparu"]
[Black "Leo_C"]
[Result "1-0"]
[WhiteElo "2620"]
[BlackElo "2419"]
[TimeControl "180+1"]
[EndTime "11:44:13 PDT"]
[Termination "Szparu won by resignation"]

1. e4 c6 2. d4 d5 3. Nd2 dxe4 4. Nxe4 Bf5 5. Qf3 e6 6. c3 Nf6 7. Nxf6+ Qxf6 8. h4 h6 9. g4 Bc2 10. Qxf6 gxf6 11. Be3 Rg8 12. f3 Nd7 13. Ne2 Nb6 14.
Nf4 Nd5 15. Nxd5 cxd5 16. Bb5+ Kd8 17. Kd2 Bh7 18. h5 a6 19. Bd3 f5 20. Rhg1 f4 21.
Bxf4 Bxd3 22. Kxd3 Kd7 23. Be3 f6 24. Rg2 Bg7 25.
Rag1 Raf8 26. f4 Ke7 27. g5 fxg5 28. fxg5 hxg5 29. Rxg5 Kf7 30. Rxg7+ Rxg7 31. Rf1+ Kg8 32. Rxf8+ Kxf8 33. Bh6 Kg8 34. Bxg7 Kxg7 35. Ke3 Kh6 36. Kf4 Kxh5 37. Ke5 b5 38. Kxe6 b4 39. cxb4 1-0

[Event "*** Titled Tuesday Blitz"]
[Site "Chess.com"]
[Date "2021.03.16"]
[Round "9"]
[White "MaevskiyNikolay"]
[Black "ChessQueen"]
[Result "0-1"]
[WhiteElo "2554"]
[BlackElo "2718"]
[TimeControl "180+1"]
[EndTime "11:44:14 PDT"]
[Termination "ChessQueen won on time"]

1. d4 Nf6 2. c4 e6 3. Nf3 c5 4. e3 d5 5. b3 Nc6 6. Bb2 cxd4 7. exd4 Bb4+ 8. Nbd2 O-O 9. Bd3 b6 10. O-O Be7 11. Re1 Bb7 12. Rc1 Rc8 13. Bb1 dxc4 14. bxc4 Re8 15. Qe2 Bf8 16. Red1 g6 17. h3 Bg7 18. Nb3 Ne7 19. Ne5 Nf5 20. c5 Qd5 21. f3 Ng3 22. Qe1 Nfh5 23. Be4 Nxe4 24.
fxe4 Qxe4 25. c6 Qxe1+ 26. Rxe1 Ba6 27. c7 Nf4 28. Rc2 f6 29. Nf3 Nd5 30. Ba3 Rxc7 31.
Rxc7 Nxc7 32. Rc1 Nd5 33. Nbd2 Bh6 34. Rc2 Rc8 35. Rxc8+ Bxc8 36. Ne4 Ba6 37. Nd6 Bf8 38.
Nd2 Nc3 0-1

[Event "*** Titled Tuesday Blitz"]
[Site "Chess.com"]
[Date "2021.03.16"]
[Round "9"]
[White "RobertoJBM"]
[Black "karinachess1"]
[Result "1-0"]
[WhiteElo "2756"]
[BlackElo "2513"]
[TimeControl "180+1"]
[EndTime "11:44:15 PDT"]
[Termination "RobertoJBM won on time"]

1. d4 Nf6 2. c4 e6 3. Nf3 d5 4.
e3 b6 5. Nc3 Be7 6. Bd3 O-O 7.
O-O Bb7 8. Qe2 c5 9. cxd5 exd5 10. Rd1 Nbd7 11. b3 Rc8 12. Bb2 Ne4 13. Rac1 Ndf6 14.
dxc5 bxc5 15. Bxe4 Nxe4 16. Nxe4 Qa5 17. Nc3 Rfd8 18.
Rd2 Bf6 19. Na4 Be7 20. Bc3 Qc7 21. Rdc2 Re8 22. Bd4 c4 23. bxc4 Ba6 24. Nb2 Ba3 25. Qd3 Qe7 26. Qc3 dxc4 27. Bxg7 Bb4 28. Qf6 c3 29.
Qxe7 Rxe7 30. Bxc3 Rec7 31. Nd1 Bd3 32. Rd2 Be4 33. Rd4 Bxf3 34. Rxb4 Bxd1 35. Rxd1 Rc4 36. Rxc4 1-0

[Event "*** Titled Tuesday Blitz"]
[Site "Chess.com"]
[Date "2021.03.16"]
[Round "9"]
[White "vinniethepooh"]
[Black "KuzubovYuriy"]
[Result "0-1"]
[WhiteElo "2711"]
[BlackElo "2861"]
[TimeControl "180+1"]
[EndTime "11:44:18 PDT"]
[Termination "KuzubovYuriy won by checkmate"]

1. d4 Nf6 2. c4 e6 3. Nc3 Bb4 4. e3 O-O 5. Bd3 c5 6. Nf3 cxd4 7. exd4 d5 8. O-O dxc4 9. Bxc4 b6 10. Bg5 Bb7 11. Qe2 Bxc3 12. bxc3 Nbd7 13. Ne5 Rc8 14. Bb3 Qc7 15. Nxd7 Nxd7 16. Rac1 h6 17. Bh4 e5 18. Bg3 Qc6 19. f3 exd4 20. cxd4 Qxc1 21. Rxc1 Rxc1+ 22. Kf2 Nf6 23. Qe7 Bd5 24. Be5 Bxb3 25. axb3 Nd5 26.
Qd7 Rc2+ 27. Kg3 Ne3 28. Bf4 Nxg2 29. Bd6 Rfc8 30. Qxa7 Ne1 31. Qxb6 R8c3 32. Qd8+ Kh7 33. Kf4 Re2 34. Qa8 Rxb3 35. Kg4 Rxf3 36. Bg3 f5+ 37. Kh5 Rxg3 38. Qh1 Rh3# 0-1

[Event "*** Titled Tuesday Blitz"]
[Site "Chess.com"]
[Date "2021.03.16"]
[Round "9"]
[White "frequentblunders"]
[Black "LubovMarkelova"]
[Result "0-1"]
[WhiteElo "2069"]
[BlackElo "2240"]
[TimeControl "180+1"]
[EndTime "11:44:20 PDT"]
[Termination "LubovMarkelova won on time"]

1. d3 d5 2. f4 c5 3. Nf3 Nf6 4. g3 g6 5. Bg2 Bg7 6. O-O O-O 7. Nc3 d4 8. Ne4 Nxe4 9. dxe4 Nc6 10. h3 e5 11. e3 dxe3 12. Bxe3 exf4 13. gxf4 b6 14. c3 Ba6 15. Re1 Qe7 16. e5 Rfd8 17. Qa4 Bb7 18. Ng5 Na5 19. Ne4 Bc6 20. Qc2 Nc4 21. Bc1 Rac8 22.
b3 Nxe5 23. fxe5 Qxe5 24. Bb2 Re8 25. Rad1 Qf4 26. Nd6 Bxg2 27. Nxc8 Be4 28. Rxe4 Rxe4 29. Nd6 Re3 30. Qg2 Rg3 0-1

[Event "*** Titled Tuesday Blitz"]
[Site "Chess.com"]
[Date "2021.03.16"]
[Round "9"]
[White "mjray79"]
[Black "MustafayevFarid2004"]
[Result "0-1"]
[WhiteElo "2466"]
[BlackElo "2484"]
[TimeControl "180+1"]
[EndTime "11:44:21 PDT"]
[Termination "MustafayevFarid2004 won by resignation"]

1. d4 Nf6 2. c4 e6 3. g3 d5 4. Bg2 dxc4 5. Nf3 c5 6. O-O Nc6 7. Qa4 Bd7 8. Qxc4 cxd4 9. Nxd4 Rc8 10. Nxc6 Bxc6 11. Bxc6+ Rxc6 12. Qb5 Qb6 13. Qxb6 Rxb6 14. Nc3 a6 15. b3 Bb4 16. Bb2 Rc6 17. Rac1 Ke7 18.
a3 Bd6 19. Na4 Rhc8 20. Nb6 R8c7 21. Nc4 b5 22. Nxd6 Kxd6 23. Rfd1+ Ke7 24. Rxc6 Rxc6 25.
b4 Rc2 26. Bd4 Nd5 27. e4 Nc3 28. Bc5+ Kf6 29. Rd6 Nxe4 30. Bd4+ Kf5 31. Rxa6 e5 32. Be3 Nc3 33. Ra7 Kg6 34. h4 h5 35. Kg2 Nd1 36. Bc5 Ra2 37. Ra6+ Kf5 38. Ra7 f6 39.
Rxg7 e4 40. Rb7 e3 41. Kf1 e2+ 42. Ke1 Nc3 43. g4+ hxg4 0-1

[Event "*** Titled Tuesday Blitz"]
[Site "Chess.com"]
[Date "2021.03.16"]
[Round "9"]
[White "SharapovEvgeny"]
[Black "ChelsieMonica"]
[Result "1-0"]
[WhiteElo "2475"]
[BlackElo "2344"]
[TimeControl "180+1"]
[EndTime "11:44:21 PDT"]
[Termination "SharapovEvgeny won on time"]

1. c4 Nf6 2. Nc3 e5 3. g3 d6 4. Bg2 g6 5. e3 Bg7 6. Nge2 O-O 7. O-O c6 8. d4 Qc7 9. b3 a5 10. Bb2 Re8 11. Qd2 Nbd7 12. Rfd1 e4 13. Qc2 d5 14. cxd5 cxd5 15. Rac1 Nb6 16. Nxe4 Qxc2 17. Nxf6+ Bxf6 18. Rxc2 Bg4 19. h3 Bxe2 20. Rxe2 a4 21. Rc2 axb3 22. axb3 Ra2 23. Rdc1 Kg7 24. Kf1 Rea8 25. Ke2 R8a5 26.
Bc3 Rxc2+ 27. Rxc2 Ra3 28. Rb2 Be7 29. Kd2 Kf6 30. Kc2 Ke6 31. Rb1 Ra2+ 32. Rb2 Ra1 33. Bf3 Ba3 34. Rb1 Ra2+ 35. Bb2 Bxb2 36. Rxb2 Ra1 37. h4 h6 38. Kc3 Nc8 39. Kb4 Nd6 40.
Kc5 Rc1+ 41. Kb4 f5 42. Ra2 g5 43. hxg5 hxg5 44. Ra5 Ne4 45. Bxe4 fxe4 46. Ra8 Kf5 47. Rf8+ Kg4 48. Kb5 Rc2 49. b4 Rc5+ 50. bxc5 1-0